 Dungeon Crawl Stone Soup version 0.29-a0-517-gbdf32494f2 (webtiles) character file.

Game seed: 2331567418016938132

16 xian the Magician (level 2, -1/21 HPs)
             Began as a Djinni Hedge Wizard on May 30, 2022.
             Slain by Terence
             ... wielding a +2 trident of venom
              (9 damage)
             ... on level 2 of the Dungeon.
             The game lasted 00:04:33 (1799 turns).

xian the Magician (Djinni Hedge Wizard)             Turns: 1799, Time: 00:04:33

Health: -1/21      AC:  3    Str:  9    XL:     2   Next: 75%
Gold:   20         EV: 12    Int: 15    God:
                   SH:  0    Dex: 12

rFire   + + .      SeeInvis .   a - +0 dagger
rCold   x . .      Faith    .   (no shield)
rNeg    . . .      Spirit   .   b - +0 robe
rPois   ∞          Reflect  .   f - +0 helmet
rElec   .          Harm     .   (no cloak)
rCorr   .          Rampage  .   (no gloves)
Will    .....                   (boots unavailable)
Stlth   ++........              (no amulet)
HPRegen 0.07/turn               (no ring)
MPRegen 0.00/turn               (no ring)

@: flying
A: sickness immunity, fire resistance 2, cold vulnerability 1, float, innate
caster, HP casting, extra vitality 1
a: no special abilities


You were on level 2 of the Dungeon.
You visited 1 branch of the dungeon, and saw 2 of its levels.

You collected 20 gold pieces.

Inventory:

Hand Weapons
 a - a +0 dagger (weapon)
Armour
 b - a +0 robe (worn)
 c - a +0 hat
 f - a +0 helmet (worn)
Scrolls
 d - a scroll of teleportation {unknown}
 g - a scroll of immolation {unknown}
 i - a scroll of summoning {unknown}
Potions
 e - a potion of flight {unknown}
 h - a potion of magic {unknown}


   Skills:
 + Level 2.4 Dodging
 + Level 1.7 Stealth
 + Level 2.9 Spellcasting


You couldn't memorise any spells.
You knew the following spells:

 Your Spells              Type           Power      Damage    Failure   Level
a - Magic Dart            Conj           44%        1d5       6%          1
b - Blink                 Tloc           22%        N/A       9%          2
c - Call Imp              Summ           11%        N/A       9%          2
d - Slow                  Hex            44%        N/A       6%          1
e - Conjure Flame         Conj/Fire      11%        6-21      19%         3
f - Mephitic Cloud        Conj/Pois/Air  11%        N/A       19%         3
Your spell library was empty.

Dungeon Overview and Level Annotations

Branches:
Dungeon (2/15)

Altars:

Annotations:
D:2 Terence


Innate Abilities, Weirdness & Mutations

You are immune to sickness and miasma.
You are immune to poison.
Your flesh is very heat resistant. (rF++)
You are vulnerable to cold. (rC-)
You float through the air rather than walking.
You learn spells naturally, not from books.
Your magical power is your life essence.
You have superior vitality. (+4 MHP)


Message History

The magic dart hits Terence.
Terence is moderately wounded.
The magic dart hits Terence but does no damage.
Terence is moderately wounded.
The magic dart hits Terence but does no damage.
Terence is moderately wounded.
The magic dart hits Terence but does no damage.
Terence is moderately wounded.
The magic dart hits Terence but does no damage.
Terence is moderately wounded.
Terence hits you from afar with a +2 trident of venom!
* * * LOW HITPOINT WARNING * * *
You are too injured to fight recklessly!
You are too injured to fight recklessly!
You are too injured to fight recklessly!
Unknown command.
There is a stone staircase leading up here.
You fly upwards.
There is a stone staircase leading down here.
You start resting.
HP restored.
You fly downwards.
Level annotation: Terence Terence hits you from afar with a +2 trident of venom.
There is a stone staircase leading up here.
Terence shouts, "Now you die!"
You see here a hobgoblin skeleton.
Casting: Magic Dart (safe; 6% risk of failure)
Confirm with . or Enter, or press ? or * to list all spells.
You aren't experienced enough to cast this spell.
You need no library to learn spells.
Casting: Magic Dart (safe; 6% risk of failure)
Confirm with . or Enter, or press ? or * to list all spells.
A beastly little devil appears in a puff of frigid air.
Terence hits you from afar with a +2 trident of venom.
Terence completely misses you.
Your white imp hits Terence but does no damage.
There is a stone staircase leading down here.
Terence hits you from afar with a +2 trident of venom!
You die...

.######.##.# #.#
........##.# #.#
.####†#.##.# #.#
#.#.##.#####.#######
#####.#................#
...........####...####.#
####...##### #...# #.#
#...# #...# #.# ###.#
#.@.# #.# #.# #.5.# #.#
##.## ##.@# #.#
#...########÷.# #.#
###.###..........# #.#
... ##.#######..# #.#
###.##<..######..# #.###
####.............# #...#
.........######### ###.#


You could see Terence (ally target) and a friendly white imp (summoned).

Vanquished Creatures
  4 ball pythons
  A goblin (D:1)
  3 hobgoblins
  2 quokkas (D:1)
  A bat (D:1)
  3 frilled lizards
  A rat (D:2)
15 creatures vanquished.

Notes
Turn   | Place    | Note
-------+----------+-------------------------------------------
     0 | D:1      | xian the Djinni Hedge Wizard began the quest for the Orb.
     0 | D:1      | Reached XP level 1. HP: 15/15 MP: 0/0
     6 | D:1      | Noticed a water moccasin
     6 | D:1      | Noticed a black bear
     6 | D:1      | Noticed a wyvern
     6 | D:1      | Noticed a killer bee
     6 | D:1      | Noticed an iguana
   484 | D:1      | Reached XP level 2. HP: 10/21 MP: 0/0
  1511 | D:2      | Noticed Terence
  1799 | D:2      | Slain by Terence

Illustrated notes

Levels and vault maps discovered:
D:1:      onia_arrival_zoo_common, layout_basic
D:2:      layout_loops_ring, uniq_crazy_yiuf_cottage, uniq_terence

Action                   || total
-------------------------++-------
 Cast: Magic Dart        ||    41
       Slow              ||     2
       Call Imp          ||     1
Armor: Robe              ||     1
Dodge: Dodged            ||     4

Table legend: (Time is in decaauts)
 A = Elapsed time spent in this place.
 B = Non-inter-level travel time spent in this place.
 C = Inter-level travel time spent in this place.
 D = Time resting spent in this place.
 E = Time spent auto-exploring this place.
 F = Levels seen in this place.
 G = Mean time per level.
                   A        B        C        D        E       F      G
               +--------+--------+--------+--------+--------+-----+--------+
         Total |   1799 |   1777 |     22 |    247 |   1378 |   2 |  899.5 |
       Dungeon |   1799 |   1777 |     22 |    247 |   1378 |   2 |  899.5 |
               +--------+--------+--------+--------+--------+-----+--------+

Top non-repeatable levels by time:
     D:1: 1551 daAuts
     D:2: 248 daAuts
